 Dungeon Crawl Stone Soup version 0.23-a0-386-g9c9d49f (webtiles) character file.

195 Gergoth the Skirmisher (level 5, -1/34 HPs)
             Began as a Gargoyle Fighter on Oct 28, 2018.
             Slain by a sky beast (2 damage)
             ... on level 5 of the Dungeon.
             The game lasted 00:03:39 (3010 turns).

Gergoth the Skirmisher (Gargoyle Fighter)           Turns: 3010, Time: 00:03:40

Health: -1/34      AC: 12    Str: 20    XL:     5   Next: 74%
Magic:  8/8        EV:  8    Int:  9    God:
Gold:   232        SH:  9    Dex:  9    Spells: 9/9 levels left

rFire    . . .     SeeInvis .   a - +0 flail
rCold    . . .     Gourm    .   c - +0 shield
rNeg     + . .     Faith    .   g - +2 ring mail {rPois}
rPois    ∞         Spirit   .   t - +0 helmet
rElec    +         Reflect  .   (no cloak)
rCorr    .         Harm     .   (no gloves)
MR       .....                  (no boots)
Stlth    ..........             (no amulet)
HPRegen  0.11/turn              (no ring)
MPRegen  0.11/turn              (no ring)

@: no status effects
A: negative energy resistance 1, electricity resistance, unbreathing,
petrification resistance, rot immunity, AC +4
a: no special abilities


You were on level 5 of the Dungeon.
You were near starving.

You visited 1 branch of the dungeon, and saw 5 of its levels.

You collected 232 gold pieces.

Inventory:

Hand Weapons
 a - a +0 flail (weapon)
Missiles
 k - 3 throwing nets (quivered)
Armour
 c - a +0 shield (worn)
 g - a +2 ring mail of poison resistance (worn)
 t - a +0 helmet (worn)
Wands
 b - a wand of paralysis (20)
Scrolls
 e - 2 scrolls of fog {unknown}
 h - 2 scrolls of identify {unknown}
 l - a scroll of immolation {unknown}
 m - 2 scrolls of fear {unknown}
 o - a scroll of teleportation {unknown}
 p - a scroll of remove curse {unknown}
 w - a scroll of blinking {unknown}
Potions
 d - a potion of might
 i - a potion of curing {unknown}
 j - 2 potions of flight {unknown}
 n - a potion of degeneration {unknown}
 q - a potion of magic {unknown}
 r - a potion of berserk rage {unknown}
 s - a potion of invisibility {unknown}
 u - a potion of heal wounds {unknown}
 v - a potion of resistance {unknown}
 x - a potion of mutation {unknown}
Comestibles
 f - 9 rations


   Skills:
 + Level 4.7 Fighting
 + Level 3.6 Maces & Flails
 - Level 3.2 Armour
 - Level 3.2 Shields
 + Level 2.6 Spellcasting


You had 9 spell levels left.
You didn't know any spells.
Your spell library was empty.

Dungeon Overview and Level Annotations

Branches:
Dungeon (5/15)
 Temple: D:4-7

Altars:

Annotations:
D:4 Sigmund


Innate Abilities, Weirdness & Mutations

You are resistant to torment.
Your stone body is resilient. (AC +4)
You are immune to poison.
You resist negative energy. (rN+)
You are resistant to electric shocks. (rElec)
You can survive without breathing.
You are immune to petrification.
You are immune to rotting.


Message History

There is a stone staircase leading up here.
You see here an arrow.
You hit the sky beast but do no damage.
The sky beast is lightly wounded.
The sky beast hits you.
* * * LOW HITPOINT WARNING * * *
The sky beast shocks you. You resist.
* * * LOW HITPOINT WARNING * * *
You closely miss the sky beast.
The sky beast is lightly wounded.
The sky beast hits you but does no damage. x2
You barely miss the sky beast.
The sky beast is lightly wounded.
The sky beast flickers out of sight!
Deactivating autopickup; reactivate with Ctrl-A.
Something hits you but does no damage.
You miss something. Something hits you.
* * * LOW HITPOINT WARNING * * *
Something shocks you. You resist.
You die...

##..# ...# ###.########
#..........#
###.#.######.###########
...........[..§........>
#####......#.###)######
##.......###{#
##.......≈.@#
#####.####.# #.# #.# #[#
#.# #.. #.# ##. #.# ..
#.# #.#


There were no monsters in sight!

Vanquished Creatures
  A centaur (D:5)
  A jelly (D:4)
  2 adders
  An ooze (D:1)
  2 worms
  A dart slug (D:1)
  A leopard gecko (D:2)
  5 orcs (D:3)
  2 giant cockroaches (D:3)
  3 goblins
  4 hobgoblins
  3 jackals (D:1)
  A quokka (D:2)
  4 bats
  2 frilled lizards
  7 kobolds
  5 rats
45 creatures vanquished.

Notes
Turn   | Place    | Note
-------+----------+-------------------------------------------
     0 | D:1      | Gergoth the Gargoyle Fighter began the quest for the Orb.
     0 | D:1      | Reached XP level 1. HP: 14/14 MP: 1/1
   155 | D:1      | Reached XP level 2. HP: 19/19 MP: 2/2
   608 | D:1      | Reached skill level 1 in Spellcasting
  1011 | D:1      | Reached XP level 3. HP: 22/24 MP: 4/4
  1037 | D:2      | Noticed Sigmund
  1259 | D:3      | Reached skill level 4 in Fighting
  1842 | D:3      | Reached XP level 4. HP: 29/29 MP: 6/6
  2682 | D:5      | Entered Level 5 of the Dungeon
  2698 | D:5      | Noticed a centaur
  2953 | D:5      | Killed a centaur
  2953 | D:5      | Reached XP level 5. HP: 33/34 MP: 8/8
  2958 | D:5      | Noticed a sky beast
  3010 | D:5      | HP: 1/34 [something (3)]
  3010 | D:5      | Slain by a sky beast

Vault maps used:
D:1:      dpeg_arrival_tiny_c, hex_intersection, minmay_misc_feat_ornament
D:2:      uniq_sigmund
D:3:      mumra_celtic_spiral_tile, serial_rivers,
          chequers_serial_rivers_large_b, chequers_serial_rivers_micro_b,
          chequers_serial_rivers_room_b, chequers_serial_rivers_small_3
D:4:      old_standard_altar, first_ration, serial_shops,
          nicolae_shop_waterfront
D:5:      kennysheep_six_static_rooms, marbit_many_paths,
          nicolae_ossuary_entry_catacombs, elyvilon_altar_3

Skill      XL: |  1  2  3  4 |
---------------+-------------+-----
Spellcasting   | 1 2 |  2.6
Fighting       | 4 |  4.7
Maces & Flails | 3 |  3.6
Armour         | |  3.2
Shields        | |  3.2

Action                   |  1- 3 |  4- 6 || total
-------------------------+-------+-------++-------
Melee: Flail             |   118 |    74 ||   192
  Eat: Chunk             |     2 |       ||     2
       Ration            |       |     1 ||     1
Armor: Scale mail        |    81 |    13 ||    94
       Ring mail         |       |    24 ||    24
Dodge: Dodged            |    28 |    12 ||    40
Block: Shield            |    76 |    34 ||   110

Table legend:
 A = Non-vault XP
 B = Vault XP
 C = Vault XP percentage of total XP
 D = Non-vault monster count
 E = Vault monster count
 F = Vault count percentage of total count
                 A         B        C        D         E       F
            +---------+---------+-------+---------+---------+-------
      Total |     279 |       0 |   0.0 |      45 |       0 |   0.0
            +---------+---------+-------+---------+---------+-------
        D:1 |      37 |       0 |   0.0 |      16 |       0 |   0.0
        D:2 |      19 |       0 |   0.0 |      10 |       0 |   0.0
        D:3 |      44 |       0 |   0.0 |      16 |       0 |   0.0
        D:4 |      64 |       0 |   0.0 |       2 |       0 |   0.0
        D:5 |     115 |       0 |   0.0 |       1 |       0 |   0.0
            +---------+---------+-------+---------+---------+-------
